 Dungeon Crawl Stone Soup version 0.21.1-1-g345015f (webtiles) character file.

683 Matador8 the Spear-Bearer (level 7, -26/50 HPs)
             Began as a Merfolk Skald on Apr 18, 2018.
             Annihilated by an ogre
             ... wielding a +0 giant club
              (29 damage)
             ... on level 5 of the Dungeon.
             The game lasted 00:36:40 (5501 turns).

Matador8 the Spear-Bearer (Merfolk Skald)           Turns: 5501, Time: 00:36:40

Health: -26/50     AC:  3    Str: 12    XL:     7   Next: 61%
Magic:  9/10       EV: 12    Int: 14    God:
Gold:   154        SH:  0    Dex: 13    Spells: 4/10 levels left

rFire    . . .     SeeInvis .   r - +0 trident
rCold    . . .     Gourm    .   (no shield)
rNeg     . . .     Faith    .   b - +0 leather armour
rPois    .         Spirit   .   (no helmet)
rElec    .         Reflect  .   (no cloak)
rCorr    .         Harm     .   (no gloves)
MR       .....                  (no boots)
Stlth    +.........             (no amulet)
HPRegen  0.16/turn              (no ring)
MPRegen  0.12/turn              (no ring)

@: about to teleport, infused (expiring)
A: change form in water, swift swim, stealthy swim
a: no special abilities


You were on level 5 of the Dungeon.
You were hungry.

You visited 1 branch of the dungeon, and saw 5 of its levels.

You collected 154 gold pieces.

Inventory:

Hand Weapons
 a - a +0 spear
 r - a +0 trident (weapon)
 x - a +0 glaive
Armour
 b - a +0 leather armour (worn)
Wands
 q - a wand of paralysis (14)
 z - a wand of random effects (16)
Scrolls
 e - a scroll of teleportation
 f - 2 scrolls of identify {unknown}
 g - a scroll of random uselessness {unknown}
 h - 3 scrolls of fear
 l - a scroll of immolation {unknown}
 o - a scroll of enchant armour {unknown}
 p - a scroll of fog {unknown}
 t - a scroll of remove curse {unknown}
 v - a scroll of amnesia {unknown}
 y - a scroll of noise {unknown}
Potions
 i - 2 potions of agility {unknown}
 j - 3 potions of lignification {unknown}
 k - a potion of haste {unknown}
 m - a potion of flight {unknown}
 n - a potion of curing {unknown}
 s - a potion of heal wounds {unknown}
 u - 2 potions of brilliance {unknown}
 w - a potion of magic {unknown}
Books
 c - a book of Battle

   Spells                             Type                      Level
   a - Infusion                       Charms                       1
   b - Shroud of Golubria             Charms/Translocation         2
   c - Song of Slaying                Charms                       2
   d - Spectral Weapon                Hexes/Charms                 3
   e - Regeneration                   Charms/Necromancy            3
Comestibles
 d - 7 rations
 A - 9 chunks of flesh


   Skills:
 - Level 2.1 Fighting
 + Level 9.4 Polearms
 - Level 0.6 Armour
 - Level 2.6 Dodging
 - Level 2.0 Spellcasting
 - Level 2.2 Hexes
 - Level 5.8 Charms


You had 4 spell levels left.
You knew the following spells:

 Your Spells              Type           Power        Failure   Level  Hunger
a - Infusion              Chrm           ###.         2%          1    ##.....
b - Shroud of Golubria    Chrm/Tloc      #.........   14%         2    ###....
c - Spectral Weapon       Hex/Chrm       ##......     17%         3    ####...


Dungeon Overview and Level Annotations

Branches:
Dungeon (5/15)
 Temple: D:4-7

Altars:
Ashenzari
Gozag
Vehumet
The Shining One

Annotations:
D:4 Menkaure


Message History

The gnoll convulses! x2; You feel a surge of unholy energy.
You climb downwards.
An orc comes into view. It is wielding a club.
The jackal barks!
You hear a bark! x2; You hear a shout!
The ogre barely misses you.
There is a stone staircase leading up here.
The orc wizard looks encouraged for a moment.
A jackal comes into view.
An orc comes into view. It is wielding a dagger.
The orc shouts! 2 jackals come into view.
The jackal barks!
You hear a shout!
The jackal moves out of view.
Your magical infusion is running out.
The jackal barely misses you. The jackal bites you.
* * * LOW HITPOINT WARNING * * *
As you read the scroll of teleportation, it crumbles to dust.
You feel strangely unstable. The ogre hits you with a giant club!!
Ouch! That really hurt!
You die...

... .#..#### ... ......
.# #.####....## .# #.
.......#..# #.# #.#
#.h##..#.##..#
###.###..###......#
....!....o..l.ho.#
###.#.o######hhh.######
#.#....####..#@.....#
#.oh.#.#.....O..#####
###o.###....#######
...........#
..........##
#...........
#...#####... ...## #.
...#


You could see an ogre, an iguana, an orc wizard, an orc and 4 jackals.

Vanquished Creatures
  Duvessa (D:4)
  2 ogres (D:4)
  A bullfrog (D:4)
  A scorpion (D:4)
  Dowan (D:4)
  An orc priest (D:3)
  2 orc wizards (D:3)
  A gnoll (D:4)
  2 adders
  A river rat (D:3)
  2 oozes (D:1)
  2 worms
  2 dart slugs (D:2)
  4 leopard geckos
  9 orcs
  A ball python (D:3)
  6 giant cockroaches
  9 goblins
  5 hobgoblins
  10 jackals
  3 quokkas
  7 bats
  A frilled lizard (D:3)
  10 kobolds
  A quokka zombie (D:4)
  6 rats
91 creatures vanquished.

Vanquished Creatures (others)
  9 spectral weapons (D:4)
9 creatures vanquished.

Grand Total: 100 creatures vanquished

Notes
Turn   | Place    | Note
-------+----------+-------------------------------------------
     0 | D:1      | Matador8 the Merfolk Skald began the quest for the Orb.
     0 | D:1      | Reached XP level 1. HP: 16/16 MP: 3/3
    51 | D:1      | Reached XP level 2. HP: 22/22 MP: 5/5
   239 | D:1      | Reached skill level 4 in Polearms
   311 | D:1      | Reached XP level 3. HP: 9/27 MP: 6/6
   930 | D:1      | Learned a level 2 spell: Shroud of Golubria
   934 | D:1      | Learned a level 3 spell: Spectral Weapon
  1395 | D:2      | Found a shattered altar of Ashenzari.
  1575 | D:2      | Reached skill level 1 in Hexes
  1672 | D:2      | Reached XP level 4. HP: 11/33 MP: 7/7
  1972 | D:2      | Reached skill level 5 in Polearms
  2343 | D:3      | Found a radiant altar of Vehumet.
  3134 | D:3      | Found an opulent altar of Gozag.
  3178 | D:3      | Reached XP level 5. HP: 36/38 MP: 4/8
  3204 | D:3      | Reached skill level 6 in Polearms
  3473 | D:4      | Reached skill level 5 in Charms
  3473 | D:4      | Reached XP level 6. HP: 29/44 MP: 9/9
  3886 | D:4      | Reached skill level 7 in Polearms
  4311 | D:4      | Noticed Dowan
  4315 | D:4      | Noticed Duvessa
  4326 | D:4      | Killed Dowan
  4552 | D:4      | Noticed Menkaure
  4587 | D:5      | Entered Level 5 of the Dungeon
  4587 | D:5      | Found a glowing golden altar of the Shining One.
  4819 | D:4      | Reached XP level 7. HP: 31/50 MP: 3/10
  5179 | D:4      | Killed Duvessa
  5179 | D:4      | Reached skill level 8 in Polearms
  5311 | D:4      | Reached skill level 9 in Polearms
  5488 | D:4      | HP: 2/50 [Menkaure/nerve-wracking pain (4)]
  5501 | D:5      | Annihilated by an ogre

Skill      XL: |  1  2  3  4  5  6  7 |
---------------+----------------------+-----
Polearms       | 4 5 6 7 9 |  9.4
Charms         | 4 5 |  5.8
Hexes          | 1 2 |  2.2
Fighting       | |  2.1
Armour         | |  0.6
Dodging        | |  2.6
Spellcasting   | |  2.0

Action                   |  1- 3 |  4- 6 |  7- 9 || total
-------------------------+-------+-------+-------++-------
Melee: Spear             |   176 |    78 |       ||   254
       Trident           |       |    92 |    24 ||   116
 Cast: Infusion          |     2 |    10 |     4 ||    16
       Spectral Weapon   |       |    12 |     7 ||    19
  Use: Scroll            |       |       |     3 ||     3
 Stab: Sleeping          |     1 |     4 |       ||     5
  Eat: Chunk             |     2 |     8 |     4 ||    14
       Ration            |       |     1 |       ||     1
Armor: Leather armour    |    30 |    23 |     6 ||    59
Dodge: Dodged            |    99 |    79 |    15 ||   193
